cohdb
Replays
Latest Replays
All Replays
Popular Replays
Top Player Replays
Match Explorer
How It Works
Community
CoH3 Stats
Reddit
Sign in to upload your games and track your stats! →
Sign in with Steam
Reakly vs PAX AJAX
Match 23943757
Overview
Messages
Build Orders
End
Construct Barracks
Scout Squad
Selects Advanced Infantry Battlegroup
Riflemen Squad
Riflemen Squad
Riflemen Squad
Riflemen Squad
Selects Artillery Observers
Construct Medical Station
Grenade Package
Infantry Support Center
Selects Convert to Ranger Squad
Construct Motor Pool
Selects Designate Assault Position
M1 Anti-tank Gun Team
M1 Mortar Team
Convert to Ranger Squad
Selects Ranger Weapon Training
PAX AJAX
Reakly
0
0
Comments
sign in to comment!
No comments posted yet!